TOP OF THE 1ST |
---|
Philadelphia Athletics batting - Pitching for Pocatello Bellas : RHP Orlando Trinidad | Pitching: RHP Orlando Trinidad | | Batting: RHB César García | 0-0: Ball 1-0: Called Strike 1-1: Fly out, F8 (Flyball, 8LM) | Batting: LHB Yasuhiko Onodera | 0-0: Called Strike 0-1: Ball 1-1: Ball 2-1: Ball 3-1: Called Strike 3-2: Base on Balls | Batting: SHB Martín De Jesús | 0-0: Called Strike 0-1: Ball 1-1: Ball 2-1: Foul Ball, location: 2F 2-2: SINGLE (Line Drive, 56D) Yasuhiko Onodera to second | Batting: RHB Valentín Borges | 0-0: Ball 1-0: Called Strike 1-1: Foul Ball, location: 2F 1-2: Strikes out swinging | Batting: LHB Arturo Molina | 0-0: Ground out U3 (Groundball, 3) | Top of the 1st over - 0 runs, 1 hit, 0 errors, 2 left on base; Philadelphia 0 - Pocatello 0 | BOTTOM OF THE 1ST |
---|
Pocatello Bellas batting - Pitching for Philadelphia Athletics : LHP Keith Swanson | Pitching: LHP Keith Swanson | | Batting: RHB Tomás Carranza | 0-0: Ball 1-0: Ball 2-0: Called Strike 2-1: SINGLE (Line Drive, 9S) | Batting: LHB John Peterson | 0-0: Ball 1-0: Called Strike 1-1: SINGLE (Flyball, 9LS) Tomás Carranza to second Runner from 2nd tries for 3rd, SAFE, no throw | Batting: SHB Shane Hutchinson | 0-0: Called Strike 0-1: Ball 1-1: Ball 2-1: Foul Ball, location: 2F 2-2: Ball 3-2: Strikes out swinging | Batting: LHB Héctor Rentería | 0-0: 3-RUN HOME RUN (Flyball, 9LD), Distance : 382 ft | Batting: RHB Juan Rodríguez | 0-0: Called Strike 0-1: Ball 1-1: Foul Ball, location: 2F 1-2: Ball 2-2: Ball 3-2: Foul Ball, location: 2F 3-2: Fly out, F7 (Line Drive, 7D) | Batting: SHB Nick Cox | 0-0: Called Strike 0-1: Ball 1-1: SINGLE (Groundball, 34D) | Batting: RHB Millard Boyd | 0-0: Fly out, F8 (Flyball, 8LM) | Bottom of the 1st over - 3 runs, 4 hits, 0 errors, 1 left on base; Philadelphia 0 - Pocatello 3 | TOP OF THE 2ND |
---|
Philadelphia Athletics batting - Pitching for Pocatello Bellas : RHP Orlando Trinidad | Batting: RHB Anastasio Villa | 0-0: Ball 1-0: Ball 2-0: Ball 3-0: Called Strike 3-1: Foul Ball, location: 2F 3-2: Strikes out looking | Batting: LHB Brian Boone | 0-0: Called Strike 0-1: Ball 1-1: Foul Ball, location: 2F 1-2: Ball 2-2: Ball 3-2: Foul Ball, location: 2F 3-2: Foul Ball, location: 2F 3-2: Foul Ball, location: 2F 3-2: Strikes out swinging | Batting: RHB Eric Neal | 0-0: Swinging Strike 0-1: SOLO HOME RUN (Flyball, 78XD), Distance : 400 ft | Batting: SHB Héctor Padilla | 0-0: Called Strike 0-1: Ball 1-1: Called Strike 1-2: Ball 2-2: Ball 3-2: Base on Balls | Batting: RHB César García | 0-0: Called Strike Héctor Padilla is caught stealing 2nd base | Top of the 2nd over - 1 run, 1 hit, 0 errors, 0 left on base; Philadelphia 1 - Pocatello 3 | BOTTOM OF THE 2ND |
---|
Pocatello Bellas batting - Pitching for Philadelphia Athletics : LHP Keith Swanson | Batting: RHB Morgan Gibbon | 0-0: Fly out, F8 (Flyball, 8LM) | Batting: RHB Germán Rosales | 0-0: Foul Ball, location: 2F 0-1: Swinging Strike 0-2: Foul Ball, location: 2F 0-2: Ball 1-2: Strikes out swinging | Batting: RHB Tomás Carranza | 0-0: Ball 1-0: Ball 2-0: Called Strike 2-1: Swinging Strike 2-2: Foul Ball, location: 2F 2-2: SINGLE (Flyball, 8LS) | Batting: LHB John Peterson | 0-0: Ball 1-0: Called Strike 1-1: Ball 2-1: Foul Ball, location: 2F 2-2: Fly out, F9 (Flyball, 9S) | Bottom of the 2nd over - 0 runs, 1 hit, 0 errors, 1 left on base; Philadelphia 1 - Pocatello 3 | TOP OF THE 3RD |
---|
Philadelphia Athletics batting - Pitching for Pocatello Bellas : RHP Orlando Trinidad | Batting: RHB César García | 0-0: Called Strike 0-1: Ball 1-1: Ground out 5-3 (Groundball, 56) | Batting: LHB Yasuhiko Onodera | 0-0: Foul Ball, location: 2F 0-1: Called Strike 0-2: Ball 1-2: Foul Ball, location: 2F 1-2: Ball 2-2: Ball 3-2: Foul Ball, location: 2F 3-2: Strikes out swinging | Batting: SHB Martín De Jesús | 0-0: Ball 1-0: Ball 2-0: Fly out, F6 (Popup, 6MD) | Top of the 3rd over - 0 runs, 0 hits, 0 errors, 0 left on base; Philadelphia 1 - Pocatello 3 | BOTTOM OF THE 3RD |
---|
Pocatello Bellas batting - Pitching for Philadelphia Athletics : LHP Keith Swanson | Batting: SHB Shane Hutchinson | 0-0: Called Strike 0-1: Ball 1-1: Ball 2-1: Foul Ball, location: 2F 2-2: Ground out 3-1 (Groundball, 34S) | Batting: LHB Héctor Rentería | 0-0: Called Strike 0-1: Ball 1-1: Ground out 4-3 (Groundball, 4) | Batting: RHB Juan Rodríguez | 0-0: Ball 1-0: Called Strike 1-1: Reached via error on a dropped throw, E1 | Batting: SHB Nick Cox | 0-0: Called Strike 0-1: Ball 1-1: Fielders Choice at 2nd, 6-4 (Groundball, 6) | Bottom of the 3rd over - 0 runs, 0 hits, 1 error, 1 left on base; Philadelphia 1 - Pocatello 3 | TOP OF THE 4TH |
---|
Philadelphia Athletics batting - Pitching for Pocatello Bellas : RHP Orlando Trinidad | Batting: RHB Valentín Borges | 0-0: Ball 1-0: Ball 2-0: Ball 3-0: Base on Balls | Batting: LHB Arturo Molina | 0-0: Called Strike 0-1: Foul Ball, location: 2F 0-2: Ball 1-2: Strikes out swinging | Batting: RHB Anastasio Villa | 0-0: Foul Ball, location: 2F 0-1: Ball 1-1: Ball 2-1: Foul Ball, location: 2F 2-2: Ball 3-2: Strikes out looking | Batting: LHB Brian Boone | 0-0: Called Strike 0-1: Foul Ball, location: 2F 0-2: Ball 1-2: Strikes out looking | Top of the 4th over - 0 runs, 0 hits, 0 errors, 1 left on base; Philadelphia 1 - Pocatello 3 | BOTTOM OF THE 4TH |
---|
Pocatello Bellas batting - Pitching for Philadelphia Athletics : LHP Keith Swanson | Batting: RHB Millard Boyd | 0-0: Called Strike 0-1: Ball 1-1: Swinging Strike 1-2: Ground out 5-3 (Groundball, 5) | Batting: RHB Morgan Gibbon | 0-0: Called Strike 0-1: Ball 1-1: Foul Ball, location: 2F 1-2: Fly out, F4 (Popup, 34D) | Batting: RHB Germán Rosales | 0-0: Ball 1-0: SINGLE (Line Drive, 4D) | Batting: RHB Tomás Carranza | 0-0: Ball 1-0: Swinging Strike 1-1: Called Strike 1-2: Fly out, F7 (Flyball, 7S) | Bottom of the 4th over - 0 runs, 1 hit, 0 errors, 1 left on base; Philadelphia 1 - Pocatello 3 | TOP OF THE 5TH |
---|
Philadelphia Athletics batting - Pitching for Pocatello Bellas : RHP Orlando Trinidad | Batting: RHB Eric Neal | 0-0: Ball 1-0: Ball 2-0: Called Strike 2-1: SINGLE (Groundball, 56D) | Batting: SHB Héctor Padilla | 0-0: Ball 1-0: Foul Ball, location: 2F 1-1: Called Strike 1-2: Fly out, F8 (Flyball, 8RM) | Batting: RHB César García | 0-0: Ball 1-0: Called Strike 1-1: Fielders Choice at 2nd, 6-4 (Groundball, 6) | Batting: LHB Yasuhiko Onodera | 0-0: Ball César García steals 2nd base 1-0: Ball 2-0: Ball 3-0: Base on Balls | Batting: SHB Martín De Jesús | 0-0: Called Strike 0-1: Called Strike 0-2: Strikes out looking | Top of the 5th over - 0 runs, 1 hit, 0 errors, 2 left on base; Philadelphia 1 - Pocatello 3 | BOTTOM OF THE 5TH |
---|
Pocatello Bellas batting - Pitching for Philadelphia Athletics : LHP Keith Swanson | Batting: LHB John Peterson | 0-0: Called Strike 0-1: Ball 1-1: Foul Ball, location: 2F 1-2: Ball 2-2: Ball 3-2: Base on Balls | Batting: SHB Shane Hutchinson | 0-0: Ball 1-0: Ball 2-0: Ball 3-0: Foul Ball, location: 2F 3-1: Swinging Strike 3-2: Foul Ball, location: 2F 3-2: Foul Ball, location: 2F 3-2: Foul Ball, location: 2F 3-2: Foul Ball, location: 2F 3-2: Foul Ball, location: 2F 3-2: Base on Balls John Peterson to second | Batting: LHB Héctor Rentería | 0-0: Fielders Choice at 2nd, 4-6 (Groundball, 4) John Peterson to third | Batting: RHB Juan Rodríguez | 0-0: Ball 1-0: Ball 2-0: Called Strike 2-1: Swinging Strike 2-2: SINGLE (Groundball, 4MD) John Peterson scores Héctor Rentería to second | Batting: SHB Nick Cox | 0-0: Called Strike 0-1: Ball 1-1: Called Strike 1-2: Strikes out swinging | Batting: RHB Millard Boyd | 0-0: Called Strike 0-1: Ball 1-1: Foul Ball, location: 2F 1-2: Foul Ball, location: 2F 1-2: Foul Ball, location: 2F 1-2: Ball 2-2: SINGLE (Groundball, 6MD) Héctor Rentería to third Juan Rodríguez to second Runner from 3rd tries for Home, SAFE, throw made home | Batting: RHB Morgan Gibbon | 0-0: Called Strike 0-1: Foul Ball, location: 2F 0-2: Ball 1-2: Ball 2-2: Fielders Choice at 2nd, 6-4 (Groundball, 56D) | Bottom of the 5th over - 2 runs, 2 hits, 0 errors, 2 left on base; Philadelphia 1 - Pocatello 5 | TOP OF THE 6TH |
---|
Philadelphia Athletics batting - Pitching for Pocatello Bellas : RHP Orlando Trinidad | Batting: RHB Valentín Borges | 0-0: Called Strike 0-1: Foul Ball, location: 2F 0-2: Strikes out swinging | Pitching: RHP Paco Canpos | | Batting: LHB Arturo Molina | 0-0: Swinging Strike 0-1: Ball 1-1: Called Strike 1-2: Strikes out swinging | Batting: RHB Anastasio Villa | 0-0: Ball 1-0: Foul Ball, location: 2F 1-1: Hit by Pitch | Batting: LHB Brian Boone | 0-0: Swinging Strike 0-1: Called Strike 0-2: Foul Ball, location: 2F 0-2: Ball 1-2: Single, Error in OF, E8, batter to second base Anastasio Villa to third | Batting: RHB Eric Neal | 0-0: Called Strike 0-1: Ball 1-1: Ball 2-1: SINGLE (Line Drive, 7LS) Anastasio Villa scores Brian Boone to third Runner from 3rd tries for Home, SAFE, no throw | Pitching: RHP Jaime Espinoza | | Batting: SHB Héctor Padilla | 0-0: Foul Ball, location: 2F 0-1: Fly out, F8 (Flyball, 8RD) | Top of the 6th over - 2 runs, 2 hits, 1 error, 1 left on base; Philadelphia 3 - Pocatello 5 | BOTTOM OF THE 6TH |
---|
Pocatello Bellas batting - Pitching for Philadelphia Athletics : LHP Keith Swanson | Pitching: RHP Ernesto Beltrán | | Batting: RHB Germán Rosales | 0-0: Ball 1-0: SINGLE (Groundball, 34D) | Batting: RHB Tomás Carranza | 0-0: Fly out, F7 (Flyball, 78M) | Batting: LHB John Peterson | 0-0: Ball 1-0: SINGLE (Flyball, 5D) Germán Rosales to second | Batting: SHB Shane Hutchinson | 0-0: Swinging Strike 0-1: Ball 1-1: 3-RUN HOME RUN (Flyball, 9LD), Distance : 367 ft | Batting: LHB Héctor Rentería | 0-0: Ball 1-0: Ball 2-0: Called Strike 2-1: Ball 3-1: Base on Balls | Batting: RHB Juan Rodríguez | Pickoff Throw to First - Error! E1 Héctor Rentería to second 0-0: Ball 1-0: Ball 2-0: Called Strike 2-1: Ball 3-1: Called Strike 3-2: Fly out, F8 (Flyball, 8RS) | Batting: SHB Nick Cox | 0-0: Swinging Strike 0-1: Swinging Strike 0-2: Strikes out swinging | Bottom of the 6th over - 3 runs, 3 hits, 1 error, 1 left on base; Philadelphia 3 - Pocatello 8 | TOP OF THE 7TH |
---|
Philadelphia Athletics batting - Pitching for Pocatello Bellas : RHP Jaime Espinoza | Batting: RHB César García | 0-0: Called Strike 0-1: Ball 1-1: Ball 2-1: Foul Ball, location: 2F 2-2: Strikes out swinging | Batting: LHB Yasuhiko Onodera | 0-0: DOUBLE (Flyball, 89XD) | Batting: SHB Martín De Jesús | 0-0: Ground out 6-3 (Groundball, 6) | Batting: RHB Valentín Borges | 0-0: Foul Ball, location: 2F 0-1: Ball 1-1: Foul Ball, location: 2F 1-2: Foul Ball, location: 2F 1-2: Ball 2-2: Strikes out swinging | Top of the 7th over - 0 runs, 1 hit, 0 errors, 1 left on base; Philadelphia 3 - Pocatello 8 | BOTTOM OF THE 7TH |
---|
Pocatello Bellas batting - Pitching for Philadelphia Athletics : RHP Ernesto Beltrán | Batting: RHB Millard Boyd | 0-0: Called Strike 0-1: Swinging Strike 0-2: Foul Ball, location: 2F 0-2: Strikes out swinging | Batting: RHB Morgan Gibbon | 0-0: Ball 1-0: Called Strike 1-1: Called Strike 1-2: Ball 2-2: Ball 3-2: Foul Ball, location: 2F 3-2: Fly out, F7 (Flyball, 78D) | Batting: RHB Germán Rosales | 0-0: Called Strike 0-1: Ball 1-1: Fly out, F9 (Flyball, 89M) | Bottom of the 7th over - 0 runs, 0 hits, 0 errors, 0 left on base; Philadelphia 3 - Pocatello 8 | TOP OF THE 8TH |
---|
Philadelphia Athletics batting - Pitching for Pocatello Bellas : RHP Jaime Espinoza | Batting: LHB Arturo Molina | 0-0: Ball 1-0: Foul Ball, location: 2F 1-1: Ball 2-1: Swinging Strike 2-2: Foul Ball, location: 2F 2-2: Ball 3-2: SOLO HOME RUN (Flyball, 9LD), Distance : 373 ft | Batting: RHB Anastasio Villa | 0-0: Swinging Strike 0-1: Ball 1-1: Ball 2-1: Foul Ball, location: 2F 2-2: Strikes out swinging | Batting: LHB Brian Boone | 0-0: Ball 1-0: Foul Ball, location: 2F 1-1: Called Strike 1-2: Ball 2-2: Strikes out swinging | Batting: RHB Eric Neal | 0-0: Ball 1-0: Fly out, F4 (Line Drive, 4) | Top of the 8th over - 1 run, 1 hit, 0 errors, 0 left on base; Philadelphia 4 - Pocatello 8 | BOTTOM OF THE 8TH |
---|
Pocatello Bellas batting - Pitching for Philadelphia Athletics : RHP Ernesto Beltrán | Pitching: LHP Luke Brown | | Batting: RHB Tomás Carranza | 0-0: Ball 1-0: Ball 2-0: Called Strike 2-1: Swinging Strike 2-2: Fly out, F8 (Flyball, 8RD) | Batting: LHB John Peterson | 0-0: Called Strike 0-1: DOUBLE (Line Drive, 78XD) | Batting: SHB Shane Hutchinson | 0-0: Intentional Walk | Batting: LHB Héctor Rentería | 0-0: Ball 1-0: Called Strike 1-1: Ball 2-1: Foul Ball, location: 2F 2-2: Ball 3-2: Strikes out looking | Batting: RHB Juan Rodríguez | 0-0: Ball 1-0: Called Strike 1-1: Foul Ball, location: 2F 1-2: Ball 2-2: Foul Ball, location: 2F 2-2: Reached on error, E4 (Groundball, 34D) John Peterson scores Shane Hutchinson to third | Batting: SHB Nick Cox | 0-0: Called Strike 0-1: Foul Ball, location: 2F 0-2: Foul Ball, location: 2F 0-2: Ball 1-2: Ball 2-2: Ball 3-2: Hit by Pitch | Batting: RHB Millard Boyd | 0-0: Called Strike 0-1: Fly out, F7 (Flyball, 7LM) | Bottom of the 8th over - 1 run, 1 hit, 1 error, 3 left on base; Philadelphia 4 - Pocatello 9 | TOP OF THE 9TH |
---|
Philadelphia Athletics batting - Pitching for Pocatello Bellas : RHP Jaime Espinoza | Batting: SHB Héctor Padilla | 0-0: Ball 1-0: Foul Ball, location: 2F 1-1: Ball 2-1: SINGLE (Groundball, 34D) | Batting: RHB César García | 0-0: Foul Ball, location: 2F 0-1: Swinging Strike 0-2: Ball 1-2: Strikes out swinging | Batting: LHB Yasuhiko Onodera | 0-0: Ball 1-0: Ball 2-0: Foul Ball, location: 2F 2-1: Grounds into double play, 4-6-3 (Groundball, 4) | Top of the 9th over - 0 runs, 1 hit, 0 errors, 0 left on base; Philadelphia 4 - Pocatello 9 | |